 Dungeon Crawl Stone Soup version 0.25-a0-661-g55ea3d2053 (webtiles) character file.

Game seed: 12901408874831640471, levelgen mode: deterministic

6843 kae the Martial Artist (level 11, -8/72 HPs)
             Began as a Merfolk Transmuter on Mar 23, 2020.
             Was an Elder of Wu Jian.
             Mangled by a manticore (12 damage)
             ... on level 10 of the Dungeon.
             The game lasted 00:13:35 (13810 turns).

kae the Martial Artist (Merfolk Transmuter)        Turns: 13810, Time: 00:13:36

Health: -8/72      AC:  9    Str: 10    XL:     11   Next: 6%
Magic:  17/22      EV: 13    Int: 16    God:    Wu Jian [****..]
Gold:   819        SH:  0    Dex: 15    Spells: 14/25 levels left

rFire    . . .     SeeInvis .     - Unarmed
rCold    + . .     Gourm    .   (shield currently unavailable)
rNeg     . . .     Faith    .   s - +3 leather armour
rPois    +         Spirit   .   (no helmet)
rElec    .         Reflect  .   c - +2 cloak
rCorr    .         Harm     .   (gloves currently unavailable)
MR       .....                  (no boots)
Stlth    +.........             (no amulet)
HPRegen  0.22/turn              n - ring of protection from cold
MPRegen  0.18/turn              y - ring of poison resistance (curse)

@: blade hands
A: change form in water, swift swim, stealthy swim
a: End Transformation, Wall Jump, Serpent's Lash, Renounce Religion


You were on level 10 of the Dungeon.
You worshipped Wu Jian.
Wu Jian was greatly pleased with you.
You were hungry.
You had blades for hands.
You visited 2 branches of the dungeon, and saw 11 of its levels.
You also visited: Ossuary.

You collected 819 gold pieces.

Inventory:

Missiles
 a - 256 arrows
Armour
 c - a +2 cloak (worn)
 s - a +3 leather armour (worn)
Jewellery
 n - a ring of protection from cold (left scythe-like blade)
 y - a cursed ring of poison resistance (right scythe-like blade)
Wands
 m - a wand of flame (11)
 A - a wand of polymorph (16)
Scrolls
 b - a scroll of amnesia {unknown}
 e - 7 scrolls of remove curse
 g - 6 scrolls of teleportation
 l - a scroll of magic mapping
 u - 4 scrolls of enchant weapon
 x - a scroll of vulnerability {unknown}
 z - 6 scrolls of identify
 C - a scroll of fog {unknown}
 D - a scroll of random uselessness {unknown}
 E - a scroll of noise {unknown}
Potions
 f - 4 potions of degeneration
 h - a potion of heal wounds
 i - 3 potions of haste
 j - 11 potions of curing
 k - 4 potions of stabbing {unknown}
 o - a potion of invisibility
 p - 4 potions of brilliance {unknown}
 q - 2 potions of mutation {unknown}
 r - 2 potions of cancellation {unknown}
 t - a potion of might
 v - a potion of flight
 w - a potion of lignification
Comestibles
 d - 18 rations


   Skills:
 + Level 1.9 Fighting
 + Level 3.3 Dodging
 * Level 12.8 Unarmed Combat
 + Level 7.8 Spellcasting
 + Level 10.9 Transmutations


You had 14 spell levels left.
You knew the following spells:

 Your Spells              Type           Power        Failure   Level  Hunger
a - Beastly Appendage     Tmut           #####.       9%          1    None
b - Sticks to Snakes      Tmut           #####...     10%         2    None
c - Spider Form           Tmut/Pois      ###.......   32%         3    ##.....
d - Blade Hands           Tmut           #####.....   32%         5    #####..

Your spell library contained the following spells:

 Spells                   Type           Power        Failure   Level  Hunger
 Ignite Poison            Fire/Tmut/Pois ###.....     47%         3    ##.....
 Summon Small Mammal      Summ           #...         56%         1    None
 Ice Form                 Ice/Tmut       ###.....     56%         4    ####...
 Petrify                  Tmut/Erth      ###.....     56%         4    ####...
 Call Imp                 Summ           #.......     67%         2    None
 Sublimation of Blood     Necr           #.........   67%         2    None
 Alistair's Intoxication  Tmut/Pois      ###.....     82%         5    #####..
 Irradiate                Conj/Tmut      ###.......   82%         5    #####..
 Call Canine Familiar     Summ           #.......     83%         3    ##.....
 Summon Guardian Golem    Hex/Summ       #.......     83%         3    ##.....
 Summon Ice Beast         Ice/Summ       #.......     98%         4    ####...
 Summon Lightning Spire   Summ/Air       #.......     98%         4    ####...
 Eringya's Noxious Bog    Tmut/Pois      ###.......   99%         6    #######


Dungeon Overview and Level Annotations

Branches:
Dungeon (10/15)            Temple (1/1) D:4            Lair (0/6) D:9
Ossuary (visited)
    Orc: D:9-12

Altars:
Ashenzari
Cheibriados
Dithmenos
Elyvilon
Fedhas
Gozag
Hepliaklqana
Kikubaaqudgha
Makhleb
Nemelex Xobeh
Okawaru
Qazlal
Ru
Sif Muna
Trog
Uskayaw
Vehumet
Wu Jian
Xom
Yredelemnul
Zin
The Shining One

Annotations:
D:5 3 runed translucent doors, Killmatronix's ghost, amateur OpHu; Lugonue's ghost, novice KoAM; kae's ghost, amateur MfTm; liluieth's ghost, novice DECj


Message History

The manticore claws you but does no damage.
The manticore claws you.
A worker ant comes into view.
A two-headed ogre comes into view. It is wielding two +0 giant clubs.
The black bear growls angrily.
Something hits you!
Deactivating autopickup; reactivate with Ctrl-A.
The adder bites you.
A centaur warrior zombie comes into view.
The manticore closely misses you. The manticore misses you.
The manticore claws you.
You slice the manticore!!
The manticore is almost dead.
Something hits you but does no damage. The adder closely misses you.
Something hits you. The manticore bites you!
* * * LOW HITPOINT WARNING * * *
The manticore claws you!
* * * LOW HITPOINT WARNING * * *
The manticore claws you!
You die...

........##. ... ........##. ###
.. ###......##. ..# ...
#..#......##.
..##.##...#......##.
.a#.#...##......##. ..
O#.#h.##..##...##.
....###H{.###... #...##.
.......@8........#...##.
.......###.SZ###........... ....
+#.#'.##..##...#.. #...# #.# ..##
#...#.. #...# ##.## ..# ##...#..
#...# ##...## .# .....#..
......#...####.....## #......#..
.......#.................###..#..
.......#.>......#.##..### #..#..


You could see a two-headed ogre, a manticore, a black bear, a worker ant, an
adder and a centaur warrior zombie.

Vanquished Creatures
  2 trolls
  3 hippogriffs
  A yak (D:9)
  A wyvern (D:10)
  2 hungry ghosts
  A water moccasin (D:10)
  A porcupine (D:8)
  4 black bears (D:9)
  2 ice beasts
  2 orc warriors
  8 ogres
  4 phantoms
  2 centaurs (D:9)
  8 bullfrogs
  5 scorpions
  6 wights
  5 killer bees (D:8)
  4 howler monkeys
  12 crimson imps
  A bullfrog zombie (D:8)
  3 centaur skeletons
  7 hounds
  2 bullfrog skeletons
  An orc priest (D:9)
  Crazy Yiuf (D:4)
  An iguana (D:4)
  14 orc wizards
  7 worker ants
  A big kobold zombie (Ossuary)
  A hound zombie (D:7)
  A hound skeleton (D:7)
  9 mummies
  10 adders
  3 shadow imps
  An ooze (D:1)
  2 adder zombies
  2 adder skeletons (D:4)
  3 worms
  7 dart slugs
  2 leopard geckos
  30 orcs
  3 giant cockroaches (D:1)
  9 goblins
  6 hobgoblins
  7 jackals
  6 kobolds
  3 quokkas
  2 ball pythons
  8 bats
  4 frilled lizards
  A hobgoblin zombie (Ossuary)
  A jackal skeleton (D:7)
  4 kobold zombies
  2 leopard gecko skeletons
  3 orc zombies (Ossuary)
  A quokka skeleton (D:4)
  6 rats
248 creatures vanquished.

Vanquished Creatures (collateral kills)
  An orc zombie (Ossuary)
1 creature vanquished.

Vanquished Creatures (others)
  7 fungi (D:9)
7 creatures vanquished.

Grand Total: 256 creatures vanquished

Notes
Turn   | Place    | Note
-------+----------+-------------------------------------------
     0 | D:1      | kae the Merfolk Transmuter began the quest for the Orb.
     0 | D:1      | Reached XP level 1. HP: 15/15 MP: 3/3
   161 | D:1      | Reached XP level 2. HP: 16/21 MP: 3/5
   479 | D:1      | Reached XP level 3. HP: 10/26 MP: 6/6
   728 | D:1      | Reached skill level 4 in Unarmed Combat
  1712 | D:2      | Reached XP level 4. HP: 23/32 MP: 7/7
  3008 | D:3      | Learned a level 2 spell: Sticks to Snakes
  3034 | D:3      | Learned a level 3 spell: Spider Form
  3081 | D:3      | Reached skill level 5 in Unarmed Combat
  3081 | D:3      | Reached XP level 5. HP: 33/37 MP: 5/9
  3766 | D:4      | Noticed an ogre
  3785 | D:4      | Killed an ogre
  3785 | D:4      | Reached XP level 6. HP: 24/43 MP: 7/10
  4423 | D:4      | Found a runed translucent door.
  4424 | D:4      | Noticed Crazy Yiuf
  4554 | D:4      | Found a staircase to the Ecumenical Temple.
  4649 | Temple   | Entered the Ecumenical Temple
  4740 | Temple   | Became a worshipper of the Wu Jian Council
  4793 | D:4      | Reached skill level 6 in Unarmed Combat
  4836 | D:4      | Reached skill level 5 in Transmutations
  5079 | D:4      | Reached XP level 7. HP: 18/48 MP: 8/12
  5425 | D:4      | Killed Crazy Yiuf
  5478 | D:5      | Entered Level 5 of the Dungeon
  5605 | D:5      | Reached skill level 7 in Unarmed Combat
  5964 | D:5      | Reached * piety under Wu Jian
  6055 | D:5      | Reached XP level 8. HP: 38/54 MP: 8/14
  6311 | D:5      | Found a runed translucent gate.
  6311 | D:5      | Found a runed translucent gate.
  6311 | D:5      | Found a runed translucent gate.
  6311 | D:5      | Noticed liluieth's ghost (novice DECj)
  6311 | D:5      | Noticed Killmatronix's ghost (amateur OpHu)
  6312 | D:5      | Noticed Lugonue's ghost (novice KoAM)
  6312 | D:5      | Noticed kae's ghost (amateur MfTm)
  6332 | D:5      | Reached skill level 8 in Unarmed Combat
  7526 | D:6      | Reached skill level 5 in Spellcasting
  7920 | D:7      | Found a sand-covered staircase.
  7932 | Ossuary  | Entered an ossuary
  7962 | Ossuary  | Reached skill level 9 in Unarmed Combat
  8208 | Ossuary  | Reached ** piety under Wu Jian
  8439 | D:7      | Reached XP level 9. HP: 31/59 MP: 12/17
  8609 | D:7      | Learned a level 5 spell: Blade Hands
  8913 | D:7      | Found a sacrificial altar of Ru.
  9095 | D:7      | HP: 2/59 [ogre/+0 giant spiked club (24)]
  9423 | D:7      | Reached skill level 10 in Unarmed Combat
  9553 | D:7      | Found a sparkling altar of Nemelex Xobeh.
 10069 | D:8      | Found an ancient bone altar of Kikubaaqudgha.
 10997 | D:8      | Reached *** piety under Wu Jian
 11210 | D:8      | Reached skill level 11 in Unarmed Combat
 11315 | D:8      | Reached XP level 10. HP: 62/65 MP: 17/19
 11843 | D:9      | Found a staircase to the Lair.
 11903 | D:9      | Reached skill level 10 in Transmutations
 12169 | D:9      | Found a blossoming altar of Fedhas.
 12170 | D:9      | Found a white marble altar of Elyvilon.
 12270 | D:9      | Reached skill level 12 in Unarmed Combat
 12738 | D:9      | Found an ancient bone altar of Kikubaaqudgha.
 13138 | D:10     | Entered Level 10 of the Dungeon
 13307 | D:10     | Reached **** piety under Wu Jian
 13580 | D:10     | Reached XP level 11. HP: 71/71 MP: 13/22
 13804 | D:10     | Noticed a manticore
 13808 | D:10     | Noticed a two-headed ogre
 13810 | D:10     | Mangled by a manticore

Levels and vault maps discovered:
D:1:      saegor_arrival_simple_d, layout_basic
D:2:      layout_basic
D:3:      layout_basic, minmay_misc_feat_diagonals
D:4:      layout_cave_pods, minmay_temple_entry_glassed_door, first_ration,
          uniq_crazy_yiuf_cottage
D:5:      layout_loops_ring, gammafunk_ghost_cemetery
D:6:      layout_basic
D:7:      wad_crossroads, layout_loops_ring, nicolae_overflow_crystal_walls,
          basic_altar, nicolae_ossuary_entry_giza
D:8:      layout_basic, basic_altar
D:9:      layout_basic, nicolae_overflow_hidden_temple,
          due_lair_maze_entry_diamond
D:10:     cheibrodos_barr_body, layout_long_grid
Temple:   compressed_dpeg_circular_temple

Skill      XL: |  1  2  3  4  5  6  7  8  9 10 |
---------------+-------------------------------+-----
Transmutations | 3 4 5 6 7 9 10 | 10.9
Unarmed Combat | 4 5 6 7 9 11 12 | 12.8
Spellcasting   | 3 4 5 6 7 |  7.8
Dodging        | 3 |  3.3
Fighting       | |  1.9

Action                   |  1- 3 |  4- 6 |  7- 9 | 10-12 || total
-------------------------+-------+-------+-------+-------++-------
Melee: Unarmed           |   108 |   179 |   470 |   200 ||   957
       Headbutt          |    13 |    12 |    21 |     6 ||    52
       Punch             |       |     3 |     7 |     9 ||    19
 Cast: Beastly Appendage |    16 |    19 |    16 |    11 ||    62
       Spider Form       |       |     4 |    31 |     2 ||    37
       Sticks to Snakes  |       |       |     2 |       ||     2
       Blade Hands       |       |       |     5 |    12 ||    17
Invok: Lunge             |       |       |    36 |    11 ||    47
       Whirlwind         |       |       |    27 |     9 ||    36
 Abil: Wall Jump         |       |       |     1 |     7 ||     8
  Use: Scroll            |     2 |     4 |     9 |       ||    15
       Potion            |       |       |     1 |       ||     1
 Stab: Sleeping          |       |     2 |     2 |     1 ||     5
  Eat: Chunk             |     2 |     9 |    15 |    14 ||    40
       Ration            |       |     1 |     3 |       ||     4
Armor: Robe              |    34 |    24 |     2 |       ||    60
       Skin              |       |     2 |     5 |       ||     7
       Leather armour    |       |       |    55 |    59 ||   114
Dodge: Dodged            |    75 |   111 |   219 |   112 ||   517

Table legend:
 A = Non-vault XP
 B = Vault XP
 C = Vault XP percentage of total XP
 D = Non-vault monster count
 E = Vault monster count
 F = Vault count percentage of total count
                 A         B        C        D         E       F
            +---------+---------+-------+---------+---------+-------
      Total |    8230 |    1547 |  15.8 |     216 |      33 |  13.3
            +---------+---------+-------+---------+---------+-------
        D:1 |      59 |       0 |   0.0 |      28 |       0 |   0.0
        D:2 |      92 |       0 |   0.0 |      27 |       0 |   0.0
        D:3 |      50 |       0 |   0.0 |       7 |       0 |   0.0
        D:4 |     475 |      40 |   7.8 |      15 |       1 |   6.2
        D:5 |     891 |       0 |   0.0 |      25 |       0 |   0.0
        D:6 |     469 |       0 |   0.0 |      18 |       0 |   0.0
        D:7 |    1230 |     156 |  11.3 |      25 |       6 |  19.4
        D:8 |    1163 |     187 |  13.9 |      25 |       2 |   7.4
        D:9 |    1913 |     985 |  34.0 |      29 |       8 |  21.6
       D:10 |    1888 |       0 |   0.0 |      17 |       0 |   0.0
    Ossuary |       0 |     179 | 100.0 |       0 |      16 | 100.0
            +---------+---------+-------+---------+---------+-------
